 Dungeon Crawl Stone Soup version 0.23.2-11-gf996548c65 (webtiles) character file.

Game seed: 998566467503986377

462 kendrok the Chopper (level 7, -1/60 HPs)
             Began as a Hill Orc Berserker on June 4, 2019.
             Was a Priest of Trog.
             Slain by an ice beast (7 damage)
             ... on level 4 of the Dungeon.
             The game lasted 00:13:13 (5379 turns).

kendrok the Chopper (Hill Orc Berserker)            Turns: 5379, Time: 00:13:14

Health: -1/60      AC:  5    Str: 22    XL:     7   Next: 7%
Magic:  7/7        EV: 11    Int:  7    God:    Trog [***...]
Gold:   236        SH:  3    Dex: 10    Spells: 6/6 levels left

rFire    . . .     SeeInvis .   w - +0 broad axe
rCold    + . .     Gourm    .   p - +0 buckler
rNeg     . . .     Faith    .   k - +0 ring mail
rPois    .         Spirit   .   (no helmet)
rElec    .         Reflect  .   (no cloak)
rCorr    .         Harm     .   (no gloves)
MR       .....                  (no boots)
Stlth    +.........             (no amulet)
HPRegen  0.20/turn              n - ring of wizardry
MPRegen  0.10/turn              y - ring of protection from cold

@: no status effects
A: no striking features
a: Berserk, Trog's Hand, Renounce Religion


You were on level 4 of the Dungeon.
You worshipped Trog.
Trog was most pleased with you.
You were hungry.

You visited 1 branch of the dungeon, and saw 5 of its levels.

You collected 236 gold pieces.

Inventory:

Hand Weapons
 a - a +0 hand axe
 f - a +4 short sword
 w - a +0 broad axe (weapon)
Armour
 k - a +0 ring mail (worn)
 p - a +0 buckler (worn)
Magical Staves
 s - an uncursed staff of earth {unknown}
Jewellery
 n - a ring of wizardry (left hand)
 y - a ring of protection from cold (right hand)
Wands
 x - a wand of enslavement (8)
Scrolls
 b - a scroll of fear {unknown}
 e - a scroll of enchant weapon {unknown}
 h - a scroll of magic mapping
 m - a scroll of enchant armour
 o - 4 scrolls of remove curse {unknown}
 r - a scroll of blinking {unknown}
 v - 4 scrolls of fog {unknown}
Potions
 d - a potion of might {unknown}
 g - a potion of agility
 i - 2 potions of resistance
 j - a potion of brilliance
 l - a potion of curing
 q - a potion of haste {unknown}
 t - a potion of mutation {unknown}
 u - 2 potions of heal wounds {unknown}
 z - a potion of invisibility {unknown}
Comestibles
 c - 2 rations


   Skills:
 + Level 4.9 Fighting
 + Level 2.7 Short Blades
 + Level 6.0 Axes
 + Level 4.2 Armour
 + Level 2.6 Dodging
 + Level 0.6 Stealth
 + Level 1.0 Shields


You had 6 spell levels left.
You didn't know any spells.
Your spell library was empty.

Dungeon Overview and Level Annotations

Branches:
Dungeon (5/15)
 Temple: D:4-7

Altars:
Elyvilon
Okawaru
Ru
Wu Jian


Message History

You block the ice beast's attack.
You closely miss the ice beast.
The ice beast is almost dead.
You block the ice beast's attack.
You barely miss the ice beast.
The ice beast is almost dead.
The ice beast closely misses you.
You barely miss the ice beast.
The ice beast is almost dead.
The ice beast hits you but does no damage.
The ice beast barely misses you.
You hit the ice beast but do no damage.
The ice beast is almost dead.
You block the ice beast's attack.
Your shield and ring mail prevent you from hitting the ice beast.
The ice beast is almost dead.
The ice beast hits you.
* * * LOW HITPOINT WARNING * * *
The ice beast freezes you! You resist.
You die...

#....#.# ##.........
#...##.#### ##........
#.####.##.##### ###...... ###
#........# ##..... ##.....#.###
##.... ##......._..## ##...
#.......#.#..##### ##...
##................######....
##.........Y@.......(....##..
#.......................#####
##..#........#.............###
##...##......#######....#....##
##...####....## ###..###...#
##...## ##....# #..## #####
#...## ###..########..# ...##
##............## ..##
##...######....#


You could see an ice beast.

Vanquished Creatures
  2 ogres
  A howler monkey (D:3)
  2 worker ants (D:4)
  Robin (D:3)
  2 adders
  4 gnolls (D:3)
  3 worms (D:2)
  4 dart slugs
  5 leopard geckos
  5 orcs
  2 giant cockroaches
  16 hobgoblins
  12 jackals
  13 kobolds
  4 quokkas
  8 bats
  2 frilled lizards
  15 goblins
  A jackal skeleton (D:4)
  9 rats
111 creatures vanquished.

Vanquished Creatures (collateral kills)
  A worker ant (D:5)
1 creature vanquished.

Grand Total: 112 creatures vanquished

Notes
Turn   | Place    | Note
-------+----------+-------------------------------------------
     0 | D:1      | kendrok the Hill Orc Berserker began the quest for the Orb.
     0 | D:1      | Reached XP level 1. HP: 19/19 MP: 1/1
   461 | D:1      | Reached XP level 2. HP: 26/27 MP: 2/2
  1027 | D:1      | Reached XP level 3. HP: 31/33 MP: 3/3
  1565 | D:2      | Reached ** piety under Trog
  1825 | D:2      | Found an iron altar of Okawaru.
  1860 | D:2      | Reached XP level 4. HP: 37/40 MP: 4/4
  2019 | D:2      | Reached skill level 1 in Short Blades
  2671 | D:3      | Noticed Robin
  2683 | D:3      | Killed Robin
  2685 | D:3      | Reached XP level 5. HP: 47/47 MP: 5/5
  3243 | D:3      | Reached *** piety under Trog
  3724 | D:4      | Found a white marble altar of Elyvilon.
  3725 | D:4      | Found an ornate altar of the Wu Jian Council.
  3750 | D:4      | Reached XP level 6. HP: 33/53 MP: 6/6
  3959 | D:4      | Reached skill level 5 in Axes
  4212 | D:4      | Found a sacrificial altar of Ru.
  5298 | D:5      | Entered Level 5 of the Dungeon
  5326 | D:5      | Noticed an ice beast
  5332 | D:5      | Reached skill level 6 in Axes
  5332 | D:5      | Reached skill level 1 in Shields
  5332 | D:5      | Reached XP level 7. HP: 26/60 MP: 7/7
  5379 | D:4      | Slain by an ice beast

Skill      XL: |  1  2  3  4  5  6 |
---------------+-------------------+-----
Fighting       | 4 |  4.9
Dodging        | 2 |  2.6
Short Blades   | 1 2 |  2.7
Armour         | 3 4 |  4.2
Axes           | 6 |  6.0
Shields        | 1 |  1.0
Stealth        | |  0.6

Action                   |  1- 3 |  4- 6 |  7- 9 || total
-------------------------+-------+-------+-------++-------
Melee: Hand axe          |    23 |       |       ||    23
       Short sword       |    91 |   105 |       ||   196
       Broad axe         |       |    60 |    15 ||    75
Invok: Berserk           |     2 |    12 |       ||    14
       Trog's Hand       |       |     1 |       ||     1
Evoke: Wand              |       |       |     1 ||     1
  Use: Scroll            |     4 |     2 |       ||     6
       Potion            |       |     1 |       ||     1
  Eat: Chunk             |     3 |    14 |       ||    17
       Ration            |       |     3 |       ||     3
Armor: Animal skin       |     5 |       |       ||     5
       Ring mail         |    38 |    60 |     5 ||   103
Dodge: Dodged            |    93 |   117 |     7 ||   217
Block: Buckler           |     4 |    27 |     6 ||    37
